APP
CLEVELAND (APP) INDIANS @ BALTIMORE (APP) ORIOLES
07/01/2044
 
TOP OF THE 1ST
Cleveland (APP) Indians batting - Pitching for Baltimore (APP) Orioles : LHP Luis Perez
Pitching: LHP Luis Perez
Batting: RHB John Clark 0-0: Ball
1-0: Called Strike
1-1: Ball
2-1: Called Strike
2-2: Ball
3-2: Base on Balls
Batting: RHB Carlos Manriquez 0-0: Ball
1-0: Called Strike
1-1: Foul Ball, location: 2F
1-2: Ball
John Clark steals 2nd base
2-2: Ball
3-2: Strikes out swinging
Batting: RHB Juan Gallardo 0-0: Ball
1-0: Ball
2-0: Foul Ball, location: 2F
2-1: Ball
3-1: Base on Balls
Batting: RHB Luis Roman 0-0: Ball
1-0: Fly out, F6 (Line Drive, 6, EV 66.2 MPH)
Batting: LHB Kenji Yokoyama 0-0: Called Strike
0-1: Ball
1-1: Called Strike
1-2: Foul Ball, location: 2F
1-2: Strikes out swinging
Top of the 1st over - 0 runs, 0 hits, 0 errors, 2 left on base; Cleveland (APP) 0 - Baltimore (APP) 0
BOTTOM OF THE 1ST
Baltimore (APP) Orioles batting - Pitching for Cleveland (APP) Indians : RHP Jose Esteban
Pitching: RHP Jose Esteban
Batting: RHB Jeremy Sipe 0-0: Bunted foul
0-1: Foul Ball, location: 2F
0-2: Ball
1-2: SINGLE (Groundball, 6, EV 96.9 MPH)
Batting: LHB Bill Ostlund 0-0: Ball
Jeremy Sipe is caught stealing 2nd base 2-6
1-0: Ball
2-0: Ball
3-0: Called Strike
3-1: Base on Balls
Batting: RHB Alex Valencia 0-0: Ball
Bill Ostlund steals 2nd base
1-0: Ball
2-0: Foul Ball, location: 2F
2-1: Ball
3-1: Called Strike
3-2: Foul Ball, location: 2F
3-2: Foul Ball, location: 2F
3-2: Base on Balls
Batting: LHB Justin Alworth 0-0: Called Strike
Bill Ostlund steals 3rd base
Alex Valencia to second
0-1: Ball
1-1: Foul Ball, location: 2F
1-2: Ball
2-2: Ball
Passed Ball!
Bill Ostlund scores
Alex Valencia to third
3-2: Base on Balls
Pitching: RHP Gilbert Paparelli
Batting: RHB Mike Zepeda 0-0: Swinging Strike
0-1: Ball
Passed Ball!
Alex Valencia scores
Justin Alworth to second
1-1: Swinging Strike
1-2: Ball
2-2: Ball
Passed Ball!
Justin Alworth to third
3-2: Strikes out looking
Batting: LHB Antonio Cantu 0-0: Ball
Passed Ball!
Justin Alworth scores
1-0: Ball
2-0: Called Strike
2-1: Swinging Strike
2-2: Foul Ball, location: 2F
2-2: Ball
3-2: Ground out 4-3 (Groundball, 4, EV 107.5 MPH)
Bottom of the 1st over - 3 runs, 1 hit, 0 errors, 0 left on base; Cleveland (APP) 0 - Baltimore (APP) 3
TOP OF THE 2ND
Cleveland (APP) Indians batting - Pitching for Baltimore (APP) Orioles : LHP Luis Perez
Batting: RHB Joe Shade 0-0: Called Strike
0-1: Ball
1-1: Foul Ball, location: 2F
1-2: Ball
2-2: Ball
3-2: Strikes out swinging
Batting: LHB Heath Ryland 0-0: SINGLE (Line Drive, 8RM, EV 95.6 MPH)
Batting: RHB Ken Shear 0-0: Ball
1-0: Foul Ball, location: 2F
1-1: Foul Ball, location: 2F
1-2: Strikes out swinging
Batting: SHB Mike Shields 0-0: Called Strike
0-1: Swinging Strike
0-2: Strikes out swinging
Top of the 2nd over - 0 runs, 1 hit, 0 errors, 1 left on base; Cleveland (APP) 0 - Baltimore (APP) 3
BOTTOM OF THE 2ND
Baltimore (APP) Orioles batting - Pitching for Cleveland (APP) Indians : RHP Gilbert Paparelli
Batting: RHB Matt O'Dea 0-0: Swinging Strike
0-1: Ball
1-1: Ball
2-1: Called Strike
2-2: Ball
3-2: Foul Ball, location: 2F
3-2: Base on Balls
Pitching: LHP Jordan Jimenez
Batting: RHB Ryan Vest 0-0: Ball
1-0: Ball
2-0: Called Strike
2-1: Ball
3-1: Called Strike
3-2: Base on Balls
Matt O'Dea to second
Batting: RHB Danny Ayala 0-0: Ball
1-0: Ball
Wild Pitch!
Matt O'Dea to third
Ryan Vest to second
2-0: Ball
3-0: Base on Balls
Batting: RHB Jeremy Sipe 0-0: SINGLE (Groundball, 56S, EV 67.5 MPH) (infield hit)
Matt O'Dea scores
Ryan Vest to third
Danny Ayala to second
Batting: LHB Bill Ostlund 0-0: Ball
1-0: Foul Ball, location: 2F
1-1: Ball
2-1: Ball
3-1: Base on Balls
Ryan Vest scores
Danny Ayala to third
Jeremy Sipe to second
Batting: RHB Alex Valencia 0-0: Foul Ball, location: 2F
0-1: Ball
1-1: Ball
Passed Ball!
Danny Ayala scores
Jeremy Sipe to third
Bill Ostlund to second
2-1: Foul Ball, location: 2F
2-2: Ball
3-2: Base on Balls
Batting: LHB Justin Alworth 0-0: Called Strike
0-1: Ball
Passed Ball!
Jeremy Sipe scores
Bill Ostlund to third
Alex Valencia to second
1-1: Ball
2-1: Swinging Strike
2-2: Ball
3-2: Base on Balls
Batting: RHB Mike Zepeda 0-0: Ball
1-0: Grounds into fielders choice 1-2 (Groundball, 15S, EV 70.0 MPH)
Alex Valencia to third
Justin Alworth to second
Batting: LHB Antonio Cantu 0-0: Swinging Strike
Passed Ball!
Alex Valencia scores
Justin Alworth to third
Mike Zepeda to second
0-1: Called Strike
0-2: Ball
1-2: Ball
Passed Ball!
Justin Alworth scores
Mike Zepeda to third
2-2: Strikes out swinging
Batting: RHB Matt O'Dea 0-0: Ball
1-0: Ball
Passed Ball!
Mike Zepeda scores
2-0: Ball
3-0: Called Strike
3-1: Base on Balls
Batting: RHB Ryan Vest 0-0: Ball
Passed Ball!
Matt O'Dea to second
1-0: Foul Ball, location: 2F
1-1: Swinging Strike
Passed Ball!
Matt O'Dea to third
1-2: Strikes out swinging
Bottom of the 2nd over - 7 runs, 1 hit, 0 errors, 1 left on base; Cleveland (APP) 0 - Baltimore (APP) 10
TOP OF THE 3RD
Cleveland (APP) Indians batting - Pitching for Baltimore (APP) Orioles : LHP Luis Perez
Batting: RHB John Clark 0-0: Ball
1-0: Foul Ball, location: 2F
1-1: Foul Ball, location: 2F
1-2: Ball
2-2: Strikes out swinging passed ball, reaches first!
Batting: RHB Carlos Manriquez 0-0: Swinging Strike
0-1: Swinging Strike
0-2: Foul Ball, location: 2F
0-2: Foul Ball, location: 2F
0-2: Strikes out swinging
Batting: RHB Juan Gallardo 0-0: Foul Ball, location: 2F
0-1: Swinging Strike
0-2: Foul Ball, location: 2F
0-2: Ball
1-2: Foul Ball, location: 2F
1-2: Strikes out swinging
John Clark steals 2nd base (no throw)
Batter strikes out.
Batting: RHB Luis Roman 0-0: Ball
1-0: DOUBLE (Flyball, 8LXD, EV 115.0 MPH)
John Clark scores
Batting: LHB Kenji Yokoyama 0-0: Foul Ball, location: 2F
0-1: Swinging Strike
0-2: Foul Ball, location: 2F
0-2: Ball
1-2: Strikes out swinging
Top of the 3rd over - 1 run, 1 hit, 0 errors, 1 left on base; Cleveland (APP) 1 - Baltimore (APP) 10
BOTTOM OF THE 3RD
Baltimore (APP) Orioles batting - Pitching for Cleveland (APP) Indians : LHP Jordan Jimenez
Batting: RHB Danny Ayala 0-0: DOUBLE (Line Drive, 89D, EV 109.4 MPH)
Batting: RHB Jeremy Sipe 0-0: Ball
1-0: Ball
Passed Ball!
Danny Ayala to third
2-0: Ball
3-0: Base on Balls
Batting: LHB Bill Ostlund 0-0: Ball
Passed Ball!
Danny Ayala scores
Jeremy Sipe to second
1-0: Ball
Passed Ball!
Jeremy Sipe to third
2-0: Ball
3-0: Called Strike
3-1: Foul Ball, location: 2F
3-2: Foul Ball, location: 2F
3-2: Fly out, F7 (Flyball, 7D, EV 93.8 MPH)
Runner from 3rd tags up, SCORES, throw by LF
Batting: RHB Alex Valencia 0-0: Called Strike
0-1: Ball
1-1: Ball
2-1: Ball
3-1: Base on Balls
Batting: LHB Justin Alworth 0-0: Called Strike
0-1: SINGLE (Groundball, 6M, EV 99.4 MPH)
Alex Valencia to second
Batting: RHB Mike Zepeda 0-0: Called Strike
0-1: Ball
1-1: Foul Ball, location: 2F
1-2: Foul Ball, location: 2F
1-2: Strikes out swinging
Batting: LHB Antonio Cantu 0-0: Fly out, F9 (Flyball, 9LS, EV 80.6 MPH)
Bottom of the 3rd over - 2 runs, 2 hits, 0 errors, 2 left on base; Cleveland (APP) 1 - Baltimore (APP) 12
TOP OF THE 4TH
Cleveland (APP) Indians batting - Pitching for Baltimore (APP) Orioles : LHP Luis Perez
Batting: RHB Joe Shade 0-0: Ball
1-0: Called Strike
1-1: Swinging Strike
1-2: Strikes out swinging
Batting: LHB Heath Ryland 0-0: SINGLE (Groundball, 4MD, EV 103.1 MPH)
Batting: RHB Ken Shear 0-0: Ball
1-0: Ball
2-0: Ball
3-0: Called Strike
3-1: Called Strike
3-2: Strikes out looking
Batting: SHB Mike Shields 0-0: Called Strike
0-1: Fielders Choice at 2nd, 6-4 (Groundball, 6, EV 85.6 MPH)
Top of the 4th over - 0 runs, 1 hit, 0 errors, 1 left on base; Cleveland (APP) 1 - Baltimore (APP) 12
BOTTOM OF THE 4TH
Baltimore (APP) Orioles batting - Pitching for Cleveland (APP) Indians : LHP Jordan Jimenez
Batting: RHB Matt O'Dea 0-0: SINGLE (Line Drive, 89S, EV 95.0 MPH)
Batting: RHB Ryan Vest 0-0: SINGLE (Line Drive, 8RS, EV 92.5 MPH)
Matt O'Dea to second
Batting: RHB Danny Ayala 0-0: Ball
Passed Ball!
Matt O'Dea to third
Ryan Vest to second
1-0: Swinging Strike
1-1: Ground out U3 (Groundball, 34S, EV 82.5 MPH)
Matt O'Dea scores
Ryan Vest to third
Batting: RHB Jeremy Sipe 0-0: Called Strike
0-1: Ball
1-1: Ball
Passed Ball!
Ryan Vest scores
2-1: Ball
3-1: Base on Balls
Batting: LHB Bill Ostlund 0-0: Ball
1-0: Single, Error in OF, E9, batter to second base (Line Drive, 89S, EV 101.2 MPH)
Jeremy Sipe to third
Batting: RHB Alex Valencia 0-0: Swinging Strike
0-1: Foul Ball, location: 2F
0-2: Ball
Wild Pitch!
Jeremy Sipe scores
Bill Ostlund to third
1-2: Fly out, F5 (Popup, 56S, EV 76.2 MPH)
Batting: LHB Justin Alworth 0-0: Called Strike
0-1: 2-RUN HOME RUN (Flyball, 9D, EV 99.4 MPH), Distance : 388 ft
Batting: RHB Mike Zepeda 0-0: Ball
1-0: Ball
2-0: Ball
3-0: Ground out 5-3 (Groundball, 56, EV 80.0 MPH)
Bottom of the 4th over - 5 runs, 4 hits, 1 error, 0 left on base; Cleveland (APP) 1 - Baltimore (APP) 17
TOP OF THE 5TH
Cleveland (APP) Indians batting - Pitching for Baltimore (APP) Orioles : LHP Luis Perez
Batting: RHB John Clark 0-0: Ball
1-0: Foul Ball, location: 2F
1-1: Called Strike
1-2: Ground out 6-3 (Groundball, 6S, EV 87.5 MPH)
Batting: RHB Carlos Manriquez 0-0: Ball
1-0: Called Strike
1-1: Called Strike
1-2: Ball
2-2: Strikes out looking
Batting: RHB Juan Gallardo 0-0: Called Strike
0-1: Foul Ball, location: 2F
0-2: Ball
1-2: Ball
2-2: Foul Ball, location: 2F
2-2: Foul Ball, location: 2F
2-2: Strikes out swinging
Top of the 5th over - 0 runs, 0 hits, 0 errors, 0 left on base; Cleveland (APP) 1 - Baltimore (APP) 17
BOTTOM OF THE 5TH
Baltimore (APP) Orioles batting - Pitching for Cleveland (APP) Indians : LHP Jordan Jimenez
Batting: LHB Antonio Cantu 0-0: Called Strike
0-1: Foul Ball, location: 2F
0-2: Ball
1-2: Foul Ball, location: 2F
1-2: Fly out, F8 (Flyball, 8LM, EV 81.2 MPH)
Batting: RHB Matt O'Dea 0-0: Ball
1-0: Foul Ball, location: 2F
1-1: Fly out, F9 (Line Drive, 9, EV 91.9 MPH)
Batting: RHB Ryan Vest 0-0: Reached on error, E6 (Groundball, 6, EV 105.6 MPH)
Batting: RHB Danny Ayala 0-0: Ball
Passed Ball!
Ryan Vest to second
1-0: Ball
Wild Pitch!
Ryan Vest to third
2-0: Foul Ball, location: 2F
2-1: Ball
Passed Ball!
Ryan Vest scores
3-1: Swinging Strike
3-2: Foul Ball, location: 2F
3-2: Base on Balls
Batting: RHB Jeremy Sipe 0-0: Ball
Passed Ball!
Danny Ayala to second
1-0: Foul Ball, location: 2F
1-1: Ball
2-1: Ball
3-1: Foul Ball, location: 2F
3-2: Base on Balls
Batting: LHB Bill Ostlund 0-0: Swinging Strike
0-1: Ball
1-1: Foul Ball, location: 2F
1-2: Foul Ball, location: 2F
1-2: Ball
2-2: Fielders Choice at 2nd, 5-4 (Groundball, 56, EV 82.5 MPH)
Bottom of the 5th over - 1 run, 0 hits, 1 error, 2 left on base; Cleveland (APP) 1 - Baltimore (APP) 18
TOP OF THE 6TH
Cleveland (APP) Indians batting - Pitching for Baltimore (APP) Orioles : LHP Luis Perez
Batting: RHB Luis Roman 0-0: Ball
1-0: Called Strike
1-1: Swinging Strike
1-2: Ball
2-2: Foul Ball, location: 2F
2-2: Strikes out swinging
Batting: LHB Kenji Yokoyama 0-0: Called Strike
0-1: Ball
1-1: Swinging Strike
1-2: Ball
2-2: Ball
3-2: SINGLE (Groundball, 34D, EV 96.9 MPH)
Batting: RHB Joe Shade 0-0: Ball
1-0: Called Strike
1-1: Called Strike
1-2: Ball
2-2: Strikes out looking
Batting: LHB Heath Ryland 0-0: Ball
1-0: Called Strike
1-1: Foul Ball, location: 2F
1-2: Ball
2-2: Fly out, F6 (Popup, 6M, EV 76.2 MPH)
Top of the 6th over - 0 runs, 1 hit, 0 errors, 1 left on base; Cleveland (APP) 1 - Baltimore (APP) 18
BOTTOM OF THE 6TH
Baltimore (APP) Orioles batting - Pitching for Cleveland (APP) Indians : LHP Jordan Jimenez
Batting: RHB Alex Valencia 0-0: Ball
1-0: Ground out U3 (Groundball, 3, EV 91.2 MPH)
Batting: LHB Justin Alworth 0-0: SOLO HOME RUN (Flyball, 7D, EV 100.0 MPH), Distance : 393 ft
Batting: RHB Mike Zepeda 0-0: Called Strike
0-1: Swinging Strike
0-2: Ball
1-2: Strikes out swinging
Batting: LHB Antonio Cantu 0-0: Called Strike
0-1: Foul Ball, location: 2F
0-2: Ball
1-2: Foul Ball, location: 2F
1-2: DOUBLE (Line Drive, 7LM, EV 95.0 MPH)
Batting: RHB Matt O'Dea 0-0: Called Strike
0-1: Ball
Passed Ball!
Antonio Cantu to third
1-1: Ball
2-1: Ball
Passed Ball!
Antonio Cantu scores
3-1: Base on Balls
Batting: RHB Ryan Vest 0-0: Ball
1-0: Ball
Wild Pitch!
Matt O'Dea to second
2-0: Ball
3-0: Base on Balls
Batting: RHB Danny Ayala 0-0: Ball
Passed Ball!
Matt O'Dea to third
Ryan Vest to second
1-0: Foul Ball, location: 2F
1-1: Ball
2-1: Ball
Wild Pitch!
Matt O'Dea scores
Ryan Vest to third
3-1: Base on Balls
Batting: RHB Jeremy Sipe 0-0: Foul Ball, location: 2F
0-1: Ball
1-1: Ball
Passed Ball!
Ryan Vest scores
Danny Ayala to second
2-1: Ball
3-1: Base on Balls
Batting: LHB Bill Ostlund 0-0: Ball
1-0: Swinging Strike
1-1: Foul Ball, location: 2F
1-2: Ball
Passed Ball!
Danny Ayala to third
Jeremy Sipe to second
2-2: Ball
Passed Ball!
Danny Ayala scores
Jeremy Sipe to third
3-2: Base on Balls
Batting: RHB Alex Valencia 0-0: Fly out, F9 (Flyball, 9D, EV 86.9 MPH)
Bottom of the 6th over - 5 runs, 2 hits, 0 errors, 2 left on base; Cleveland (APP) 1 - Baltimore (APP) 23
TOP OF THE 7TH
Cleveland (APP) Indians batting - Pitching for Baltimore (APP) Orioles : LHP Luis Perez
Pitching: RHP Tim Bemish
Batting: RHB Ken Shear 0-0: Swinging Strike
0-1: Foul Ball, location: 2F
0-2: Ball
1-2: Foul Ball, location: 2F
1-2: Strikes out looking
Batting: SHB Mike Shields 0-0: Ball
1-0: Ball
2-0: Ball
3-0: Called Strike
3-1: Called Strike
3-2: Foul Ball, location: 2F
3-2: Strikes out swinging
Batting: RHB John Clark 0-0: Ball
1-0: Called Strike
1-1: Ball
2-1: Ground out 6-3 (Groundball, 6, EV 104.4 MPH)
Top of the 7th over - 0 runs, 0 hits, 0 errors, 0 left on base; Cleveland (APP) 1 - Baltimore (APP) 23
BOTTOM OF THE 7TH
Baltimore (APP) Orioles batting - Pitching for Cleveland (APP) Indians : LHP Jordan Jimenez
Batting: LHB Justin Alworth 0-0: Ball
1-0: Ball
2-0: Ball
3-0: Base on Balls
Batting: RHB Mike Zepeda 0-0: SINGLE (Flyball, 6D, EV 84.4 MPH)
Justin Alworth to second
Pinch Hitting: RHB Ronnie Cummings 0-0: Ball
1-0: SINGLE (Groundball, 56D, EV 98.8 MPH)
Justin Alworth to third
Mike Zepeda to second
Batting: RHB Matt O'Dea 0-0: Ball
Wild Pitch!
Justin Alworth scores
Mike Zepeda to third
Ronnie Cummings to second
1-0: Swinging Strike
1-1: Ball
Passed Ball!
Mike Zepeda scores
Ronnie Cummings to third
2-1: Ball
3-1: Base on Balls
Batting: RHB Ryan Vest 0-0: Fly out, F7 (Flyball, 7S, EV 90.6 MPH)
Batting: RHB Danny Ayala 0-0: Ball
Passed Ball!
Ronnie Cummings scores
Matt O'Dea to second
1-0: Called Strike
1-1: Ball
Passed Ball!
Matt O'Dea to third
2-1: Swinging Strike
2-2: Foul Ball, location: 2F
2-2: Ball
3-2: Foul Ball, location: 2F
3-2: Base on Balls
Batting: RHB Jeremy Sipe 0-0: Ball
1-0: Ball
2-0: Called Strike
2-1: Ball
3-1: Base on Balls
Danny Ayala to second
Batting: LHB Bill Ostlund 0-0: Foul Ball, location: 2F
0-1: Foul Ball, location: 2F
0-2: Ball
1-2: GRAND SLAM HOME RUN (Flyball, 89XD, EV 98.8 MPH) (Inside the Park)
Batting: RHB Alex Valencia 0-0: Fly out, F8 (Flyball, 8RM, EV 93.1 MPH)
Batting: LHB Justin Alworth 0-0: Ground out 6-3 (Groundball, 6, EV 88.8 MPH)
Bottom of the 7th over - 7 runs, 3 hits, 0 errors, 0 left on base; Cleveland (APP) 1 - Baltimore (APP) 30
TOP OF THE 8TH
Cleveland (APP) Indians batting - Pitching for Baltimore (APP) Orioles : RHP Tim Bemish
Now in LF: Ronnie Cummings
Batting: RHB Carlos Manriquez 0-0: Foul Ball, location: 2F
0-1: Reached via error on a dropped throw from 1B, E1 (Groundball, 34, EV 82.5 MPH)
Batting: RHB Juan Gallardo 0-0: Called Strike
0-1: Fly out, F9 (Flyball, 9D, EV 99.4 MPH)
Batting: RHB Luis Roman 0-0: Foul Ball, location: 2F
0-1: Ball
1-1: Called Strike
1-2: Foul Ball, location: 2F
1-2: Strikes out looking
Batting: LHB Kenji Yokoyama 0-0: Called Strike
0-1: Fly out, F2 (Popup, 2LF, EV 91.9 MPH)
Top of the 8th over - 0 runs, 0 hits, 1 error, 1 left on base; Cleveland (APP) 1 - Baltimore (APP) 30
BOTTOM OF THE 8TH
Baltimore (APP) Orioles batting - Pitching for Cleveland (APP) Indians : LHP Jordan Jimenez
Batting: RHB Mike Zepeda 0-0: Ball
1-0: Ball
2-0: Ball
3-0: Called Strike
3-1: Base on Balls
Batting: RHB Ronnie Cummings 0-0: Fly out, F8 (Line Drive, 8RM, EV 98.1 MPH)
Batting: RHB Matt O'Dea 0-0: Ball
Passed Ball!
Mike Zepeda to second
1-0: Ground out 5-3 (Groundball, 56S, EV 66.2 MPH)
Mike Zepeda to third
Batting: RHB Ryan Vest 0-0: Foul Ball, location: 2F
0-1: Foul Ball, location: 2F
0-2: Ball
Wild Pitch!
Mike Zepeda scores
1-2: Ball
2-2: SINGLE (Groundball, 56D, EV 98.1 MPH)
Batting: RHB Danny Ayala 0-0: Ball
1-0: Ball
Wild Pitch!
Ryan Vest to second
2-0: Ball
Passed Ball!
Ryan Vest to third
3-0: Base on Balls
Batting: RHB Jeremy Sipe 0-0: Foul Ball, location: 2F
0-1: Ball
1-1: Foul Ball, location: 2F
1-2: Ball
Passed Ball!
Ryan Vest scores
Danny Ayala to second
2-2: Foul Ball, location: 2F
2-2: Ball
3-2: Foul Ball, location: 2F
3-2: Foul Ball, location: 2F
3-2: Base on Balls
Batting: LHB Bill Ostlund 0-0: DOUBLE (Line Drive, 7LS, EV 112.5 MPH)
Danny Ayala scores
Jeremy Sipe to third
Runner from 3rd tries for Home, SAFE, no throw by LF
Batting: RHB Alex Valencia 0-0: Foul Ball, location: 2F
0-1: Foul Ball, location: 2F
0-2: Foul Ball, location: 2F
0-2: Ball
1-2: Ground out 6-3 (Groundball, 6M, EV 82.5 MPH)
Bottom of the 8th over - 4 runs, 2 hits, 0 errors, 1 left on base; Cleveland (APP) 1 - Baltimore (APP) 34
TOP OF THE 9TH
Cleveland (APP) Indians batting - Pitching for Baltimore (APP) Orioles : RHP Tim Bemish
Batting: RHB Joe Shade 0-0: Ball
1-0: Foul Ball, location: 2F
1-1: Hit by Pitch
Pitching: RHP Chris Kimura
Batting: LHB Heath Ryland 0-0: Called Strike
0-1: Swinging Strike
0-2: Ball
1-2: Strikes out looking
Batting: RHB Ken Shear 0-0: Ball
1-0: Swinging Strike
1-1: Called Strike
1-2: Strikes out swinging
Batting: SHB Mike Shields 0-0: Ball
1-0: Foul Ball, location: 2F
1-1: Ball
2-1: Foul Ball, location: 2F
2-2: Strikes out looking
Top of the 9th over - 0 runs, 0 hits, 0 errors, 1 left on base; Cleveland (APP) 1 - Baltimore (APP) 34
Thursday, March 31st , 2022 - OOTP Baseball 22.12 Build 89